 Dungeon Crawl Stone Soup version 0.25-a0-246-g58704a1ebd (webtiles) character file.

Game seed: 6023915810082609973, levelgen mode: deterministic

240 floatRand the Chopper (level 5, 0/41 HPs)
             Began as a Demonspawn Monk on Dec 3, 2019.
             Slain by Grinder (1 damage)
             ... while paralysed by Grinder
             ... on level 2 of the Dungeon.
             The game lasted 00:03:29 (1990 turns).

floatRand the Chopper (Demonspawn Monk)             Turns: 1990, Time: 00:03:29

Health: 0/41       AC:  9    Str: 17    XL:     5   Next: 79%
Magic:  5/5        EV:  2    Int: 11    God:
Gold:   62         SH:  0    Dex: 16    Spells: 4/4 levels left

rFire    . . .     SeeInvis .   a - +0 hand axe
rCold    . . .     Gourm    .   (no shield)
rNeg     . . .     Faith    .   f - +0 chain mail
rPois    .         Spirit   .   (no helmet)
rElec    .         Reflect  .   (no cloak)
rCorr    .         Harm     .   (no gloves)
MR       .....                  (no boots)
Stlth    ..........             (no amulet)
HPRegen  0.13/turn              (no ring)
MPRegen  0.09/turn              (no ring)

@: paralysed, mighty
A: claws 1, powered by death 1, powered by pain 1
a: no special abilities


You were on level 2 of the Dungeon.
You were hungry.

You visited 1 branch of the dungeon, and saw 3 of its levels.

You collected 62 gold pieces.

Inventory:

Hand Weapons
 a - a +0 hand axe (weapon)
Armour
 b - a +0 robe
 f - a +0 chain mail (worn)
Jewellery
 h - an uncursed ring of protection from cold {unknown}
Wands
 m - a wand of enslavement (6)
Scrolls
 e - 4 scrolls of remove curse {unknown}
 j - a scroll of identify {unknown}
 k - a scroll of blinking {unknown}
 o - 3 scrolls of fog {unknown}
Comestibles
 c - 4 rations


   Skills:
 - Level 3.0 Fighting
 * Level 5.1 Axes
 + Level 2.7 Armour
 - Level 2.6 Dodging
 - Level 1.7 Stealth


You had 4 spell levels left.
You didn't know any spells.
Your spell library was empty.

Dungeon Overview and Level Annotations

Branches:
Dungeon (3/15)

Altars:
Sif Muna

Annotations:
D:2 1 runed translucent door, Crazy Yiuf, Grinder


Innate Abilities, Weirdness & Mutations

You have sharp fingernails.
You regenerate a little health from kills.
You sometimes gain a little power by taking damage.


Message History

Pain shoots through your body!
* * * LOW HITPOINT WARNING * * *
You hit Grinder.
Grinder is heavily wounded.
Grinder hits you but does no damage.
You hit Grinder but do no damage.
Grinder is heavily wounded.
Grinder hits you!
* * * LOW HITPOINT WARNING * * *
You focus on the pain.
You feel very mighty all of a sudden.
You writhe in agony.
* * * LOW HITPOINT WARNING * * *
Unknown command.
You slash Grinder!
Grinder is almost dead.
Grinder gestures at you.
You suddenly lose the ability to move!
Grinder hits you.
You die...

####.####)#####..................
#.####.# ######.............
##.##...# ##..>...............
##..##.######..#........##.....#
##..##.....<.)........########...
#........>........##..# ####..##
##......###.##.#####.#####....##.
#..###.##..##)#.....##....###...
##.........###.#@######.#####....
#....##.#### #.5.###....#####.#.#
###..#.....###.###...............
###.##.....#.....................
#....#......................#####
#....#......................#
#....#.......##.............#
#............###......##.####
#......#####)........###.#


You could see Grinder.

Vanquished Creatures
  Sigmund (D:2)
  2 adders (D:2)
  2 oozes (D:2)
  A worm (D:2)
  A dart slug (D:1)
  5 leopard geckos
  2 ball pythons
  A giant cockroach (D:1)
  5 goblins
  5 hobgoblins
  A quokka (D:2)
  8 bats
  4 frilled lizards
  3 kobolds
  6 rats
47 creatures vanquished.

Notes
Turn   | Place    | Note
-------+----------+-------------------------------------------
     0 | D:1      | floatRand the Demonspawn Monk began the quest for the Orb.
     0 | D:1      | Reached XP level 1. HP: 18/18 MP: 1/1
   127 | D:1      | Reached skill level 3 in Axes
   132 | D:1      | Gained mutation: You sometimes gain a little power by
                  | taking damage. [demonic ancestry]
   132 | D:1      | Reached XP level 2. HP: 24/24 MP: 2/2
   221 | D:1      | Reached skill level 1 in Armour
   532 | D:1      | Gained mutation: You regenerate a little health from kills.
                  | [demonic ancestry]
   532 | D:1      | Reached XP level 3. HP: 28/29 MP: 3/3
   902 | D:2      | Noticed Sigmund
  1328 | D:2      | Reached skill level 4 in Axes
  1357 | D:2      | Gained mutation: You have sharp fingernails. [demonic
                  | ancestry]
  1357 | D:2      | Reached XP level 4. HP: 29/35 MP: 4/4
  1563 | D:2      | Found a shimmering blue altar of Sif Muna.
  1579 | D:2      | Killed Sigmund
  1579 | D:2      | Reached skill level 5 in Axes
  1579 | D:2      | Reached XP level 5. HP: 29/41 MP: 5/5
  1714 | D:2      | Found a runed translucent door.
  1715 | D:2      | Noticed Crazy Yiuf
  1906 | D:3      | Noticed Grinder
  1962 | D:2      | Paralysed by Grinder for 5 turns
  1988 | D:2      | HP: 1/41 [Grinder (4)]
  1989 | D:2      | Paralysed by Grinder for 3 turns
  1990 | D:2      | Slain by Grinder

Levels and vault maps discovered:
D:1:      ncdulo_lavacross, layout_basic, minmay_heptomino_h4
D:2:      layout_rooms, led_sif_pool, uniq_crazy_yiuf_cottage, uniq_sigmund
D:3:      layout_basic, eat_drink_and_be_merry_uskayaw, old_standard_altar,
          chequers_temple_overflow_minitemple, uniq_grinder

Skill      XL: |  1  2  3  4 |
---------------+-------------+-----
Axes           | 3 4 5 |  5.1
Armour         | 1 2 |  2.7
Fighting       | |  3.0
Dodging        | |  2.6
Stealth        | |  1.7

Action                   |  1- 3 |  4- 6 || total
-------------------------+-------+-------++-------
Melee: Hand axe          |   132 |    63 ||   195
Evoke: Wand              |       |     1 ||     1
  Use: Potion            |       |     4 ||     4
 Stab: Sleeping          |     1 |       ||     1
       Confused          |       |     3 ||     3
  Eat: Chunk             |     1 |     2 ||     3
Armor: Chain mail        |   111 |    17 ||   128
       Robe              |     3 |       ||     3
       Skin              |       |    14 ||    14
Dodge: Dodged            |    52 |    16 ||    68

Table legend:
 A = Non-vault XP
 B = Vault XP
 C = Vault XP percentage of total XP
 D = Non-vault monster count
 E = Vault monster count
 F = Vault count percentage of total count
                 A         B        C        D         E       F
            +---------+---------+-------+---------+---------+-------
      Total |     114 |     229 |  66.8 |      45 |       2 |   4.3
            +---------+---------+-------+---------+---------+-------
        D:1 |      49 |       2 |   3.9 |      26 |       1 |   3.7
        D:2 |      65 |     227 |  77.7 |      19 |       1 |   5.0
            +---------+---------+-------+---------+---------+-------
